 Dungeon Crawl Stone Soup version 0.30.1-11-g7821555f0a (webtiles) character file.

Game seed: 891050033843393410

3805 Cheops the Impaler (level 10, 0/78 (80) HPs)
             Began as a Merfolk Gladiator on Nov 13, 2023.
             Was a Priest of the Shining One.
             Engulfed by a steam dragon's steam (8 damage)
             ... on level 7 of the Dungeon.
             The game lasted 00:19:29 (6918 turns).

Cheops the Impaler (Merfolk Gladiator)              Turns: 6918, Time: 00:19:30

HP:   0/78 (80)     AC:  7    Str: 14    XL:     10   Next: 17%
MP:   10/10         EV: 13    Int: 12    God:    the Shining One [***...]
Gold: 303           SH:  5    Dex: 16    Spells: 9/9 levels left

rFire   . . .        a - +1 trident
rCold   . . .        r - +0 buckler
rNeg    + + .        f - +2 leather armour of Too Many Cooks {rElec rPois}
rPois   +            k - +0 helmet
rElec   +            m - +0 cloak
rCorr   .            (no gloves)
SInv    .            (no boots)
Will    +....        g - amulet of regeneration
Stlth   +            h - ring of willpower
HPRegen 1.13/turn    t - ring of positive energy
MPRegen 0.12/turn

%: no passive effects
@: glowing, lightly drained
A: (nimble swimmer 2), mertail
a: Renounce Religion, Divine Shield, Cleansing Flame


You were on level 7 of the Dungeon.
You worshipped the Shining One.
The Shining One was most pleased with you.
You visited 2 branches of the dungeon, and saw 8 of its levels.
You also visited: Sewer and Ossuary.

You collected 339 gold pieces.
You spent 36 gold pieces at shops.

Inventory:

Hand Weapons
 a - a +1 trident (weapon)
 n - a +0 vampiric bardiche
 D - a +0 halberd
Missiles
 d - 4 throwing nets (quivered)
 e - a javelin
Armour
 f - the +2 leather armour of Too Many Cooks (worn) {rElec rPois}
   (You found it on level 3 of the Dungeon)

   rElec:     It insulates you from electricity.
   rPois:     It protects you from poison.
 k - a +0 helmet (worn)
 m - a +0 cloak (worn)
 r - a +0 buckler (worn)
Magical Staves
 c - a staff of conjuration
Jewellery
 g - an amulet of regeneration (around neck)
 h - a ring of willpower (left hand)
 o - an amulet of guardian spirit
 t - a ring of positive energy (right hand)
 C - an amulet of magic regeneration
 K - a ring of magical power
 L - a ring of flight
Wands
 z - a wand of iceblast (5)
 I - a wand of paralysis (11)
 N - a wand of digging (1)
Scrolls
 j - 2 scrolls of fear
 q - 3 scrolls of amnesia
 s - 2 scrolls of fog
 w - a scroll of summoning
 x - a scroll of enchant weapon
 y - a scroll of silence
 A - a scroll of magic mapping
 B - a scroll of poison
 E - 2 scrolls of teleportation {unknown}
 F - a scroll of acquirement
 G - 2 scrolls of blinking {unknown}
 J - a scroll of enchant armour
 P - a scroll of immolation
Potions
 i - 6 potions of curing
 l - a potion of ambrosia
 p - a potion of attraction
 u - 2 potions of brilliance {unknown}
 v - 2 potions of might {unknown}
 H - a potion of mutation {unknown}
 M - 2 potions of haste {unknown}
 O - 2 potions of lignification {unknown}
 R - 2 potions of flight {unknown}
 S - 2 potions of magic {unknown}
 T - a potion of invisibility {unknown}


   Skills:
 - Level 8.1 Fighting
 + Level 15.0 Polearms
 - Level 2.0 Throwing
 - Level 4.0 Dodging
 - Level 5.0 Shields


You had 9 spell levels left.
You didn't know any spells.
Your spell library contained the following spells:

 Spells                   Type           Power      Damage    Failure   Level
 Sandblast                Erth           0%         2d4       50%         1
 Lesser Beckoning         Tloc           0%         N/A       63%         2
 Passwall                 Tmut/Erth      0%         N/A       63%         2
 Gell's Gravitas          Tloc           0%         N/A       86%         3
 Stone Arrow              Conj/Erth      0%         3d7       86%         3
 Teleport Other           Tloc           0%         N/A       86%         3
 Animate Armour           Summ/Erth      0%         N/A       99%         4
 Summon Forest            Summ/Tloc      0%         N/A       100%        5
 Summon Hydra             Summ           0%         N/A       100%        7


Dungeon Overview and Level Annotations

Branches:
Dungeon (7/15)             Temple (1/1) D:5           Sewer (visited)
Ossuary (visited)

Altars:
Ashenzari
Cheibriados
Dithmenos
Gozag
Hepliaklqana
Makhleb
Okawaru
Qazlal
Ru
Sif Muna
Trog
Uskayaw
Wu Jian
Xom
Yredelemnul
Zin
The Shining One

Shops:
D:5 *


Innate Abilities, Weirdness & Mutations

((You are very nimble when in or above water. (Stealth+, EV+, Speed+++)))
Your lower body shifts to a powerful aquatic tail in water.


Message History

You are engulfed in a cloud of scalding steam.
You completely miss the steam dragon.
The steam dragon is moderately wounded.
The steam dragon bites you.
* * * LOW HITPOINT WARNING * * *
The steam dragon claws you.
* * * LOW HITPOINT WARNING * * *
You hit the steam dragon.
The steam dragon is moderately wounded.
You are engulfed in a cloud of scalding steam.
* * * LOW HITPOINT WARNING * * *
You barely miss the steam dragon.
The steam dragon is moderately wounded.
The steam dragon bites you.
* * * LOW HITPOINT WARNING * * *
The steam dragon misses you.
You completely miss the steam dragon.
The steam dragon is moderately wounded.
You are engulfed in a cloud of scalding steam.
* * * LOW HITPOINT WARNING * * *
The steam dragon closely misses you. x2
An orc wizard comes into view.
It is wielding a +0 dagger of electrocution.
You hit the steam dragon but do no damage.
The steam dragon is moderately wounded.
You hit the steam dragon but do no damage.
The steam dragon is moderately wounded.
The steam dragon breathes steam at you. The ball of steam hits you!
* * * LOW HITPOINT WARNING * * *
As you read the scroll of fear, it crumbles to dust.
You assume a fearsome visage.
The steam dragon looks frightened!
The gnoll bouda looks frightened!
The orc wizard looks frightened!
You are engulfed in a cloud of scalding steam.
* * * LOW HITPOINT WARNING * * *
The orc wizard casts a spell.
The orc wizard flickers and vanishes!
Deactivating autopickup; reactivate with Ctrl-A.
The gnoll bouda is engulfed in a cloud of scalding steam.
You are engulfed in a cloud of scalding steam.
You die...

*,,,,,,.............,,,,*
*,,,,,,,...$........,,,,*
*,,,,,,,,...........,,,,*
*,,,,,,,,,.D........,,,,*
*,,,,,,,,,,..).{..,,,,,,*
*,,,,*###**#..g#**,,,*******#
*****##.####...##*,,,****,,,#
#.....#ยงยง..#,,,,,,,,,,,#
#......@...#,,,,,,,,,,,#
#.######^..#,,,,,,,,,,,#
######)#....#...#,,,,.......#
#....#.###..#...#,,,,.......#
#..........[#...#,,,,,......#
#......###..#.#######*#....##
#......#....#..##...###....#.
######.######..............#.
#..........................#.


You could see a steam dragon (fleeing, catching breath) and a gnoll bouda
(fleeing).

Vanquished Creatures
  Pikel (D:6)
  Grinder (D:6)
  Eustachio (D:5)
  2 water moccasins (D:6)
  Duvessa (D:6)
  3 ice beasts
  3 ogres (D:6)
  2 centaurs (D:6)
  A bullfrog (D:7)
  7 kobold brigands (Sewer)
  3 scorpions (D:6)
  3 wights (D:7)
  5 water moccasin zombies (Ossuary)
  Dowan (D:6)
  2 hounds
  2 jellies
  An orc priest (D:6)
  4 iguanas
  3 orc wizards
  2 mummies (Ossuary)
  10 adders
  19 gnolls
  3 river rats (Sewer)
  2 white imps (D:6)
  An ufetubus (D:4)
  5 adder zombies (Ossuary)
  7 worms
  3 dart slugs
  15 orcs
  9 ball pythons
  A bat (D:1)
  8 endoplasms
  3 giant cockroaches
  4 gnoll zombies (Ossuary)
  5 goblins
  8 hobgoblins
  A quokka (D:1)
  A frilled lizard (D:1)
  5 hobgoblin zombies (Ossuary)
  6 kobolds
  3 kobold zombies (Ossuary)
  An orc zombie (Ossuary)
  2 quokka zombies (D:7)
  7 rats
177 creatures vanquished.

Notes
Turn   | Place    | Note
-------+----------+-------------------------------------------
     0 | D:1      | Cheops the Merfolk Gladiator began the quest for the Orb.
     0 | D:1      | Reached XP level 1. HP: 16/16 MP: 1/1
   170 | D:1      | Found a faded altar of an unknown god.
   247 | D:1      | Reached XP level 2. HP: 21/22 MP: 2/2
   351 | D:1      | Reached skill level 5 in Polearms
   837 | D:2      | Reached XP level 3. HP: 23/27 MP: 3/3
  1056 | D:2      | Reached skill level 6 in Polearms
  1766 | D:3      | Identified the +2 leather armour of Too Many Cooks {rElec
                  | rPois}
  1929 | D:3      | Reached XP level 4. HP: 32/33 MP: 4/4
  2082 | D:3      | Reached skill level 7 in Polearms
  2157 | D:3      | Found a glowing drain.
  2171 | Sewer    | Entered a sewer
  2194 | Sewer    | Noticed a kobold brigand
  2194 | Sewer    | Noticed a kobold brigand
  2309 | Sewer    | Noticed a kobold brigand
  2311 | Sewer    | Reached XP level 5. HP: 38/38 MP: 5/5
  2315 | Sewer    | Killed a kobold brigand
  2316 | Sewer    | Reached skill level 8 in Polearms
  2328 | Sewer    | Killed a kobold brigand
  2329 | Sewer    | Reached XP level 6. HP: 40/44 MP: 6/6
  2342 | Sewer    | Reached skill level 9 in Polearms
  2587 | Sewer    | Reached skill level 10 in Polearms
  2587 | Sewer    | Reached XP level 7. HP: 47/50 MP: 7/7
  2911 | Sewer    | Reached skill level 11 in Polearms
  3387 | D:4      | Identified a scroll of acquirement
  3388 | D:4      | Acquired a +0 vampiric bardiche
  4037 | D:4      | Reached XP level 8. HP: 56/56 MP: 8/8
  4216 | D:5      | Entered Level 5 of the Dungeon
  4238 | D:5      | Reached skill level 12 in Polearms
  4238 | D:5      | Reached skill level 1 in Shields
  4652 | D:5      | Noticed Eustachio
  4695 | D:5      | Killed Eustachio
  4781 | D:5      | Found a staircase to the Ecumenical Temple.
  4787 | D:5      | Got the Parchment of Rallying
  4811 | Temple   | Entered the Ecumenical Temple
  5069 | Temple   | Became a worshipper of the Shining One
  5143 | D:5      | Found Luq Ixof's General Store.
  5147 | D:5      | Bought a scroll of noise for 12 gold pieces
  5148 | D:5      | Bought a scroll of identify for 24 gold pieces
  5400 | D:5      | Found a hide-covered altar of Uskayaw.
  5409 | D:5      | Found a shimmering blue altar of Sif Muna.
  5542 | D:6      | Reached skill level 5 in Shields
  5664 | D:6      | Reached skill level 13 in Polearms
  5690 | D:6      | Reached XP level 9. HP: 61/61 MP: 9/9
  5735 | D:6      | Reached skill level 14 in Polearms
  5814 | D:6      | Noticed Grinder
  5911 | D:6      | Identified the +8 war axe of Lust {spect, Drain rC+++
                  | rCorr}
  6065 | D:6      | Noticed Pikel
  6097 | D:6      | Killed Pikel
  6098 | D:6      | Reached skill level 5 in Fighting
  6201 | D:6      | Found an opulent altar of Gozag.
  6201 | D:6      | Noticed Dowan
  6201 | D:6      | Noticed Duvessa
  6218 | D:6      | Killed Dowan
  6226 | D:6      | Killed Duvessa
  6270 | D:6      | Found a glowing silver altar of Zin.
  6311 | D:6      | Killed Grinder
  6526 | D:7      | Reached * piety under the Shining One
  6568 | D:7      | Reached XP level 10. HP: 80/80 MP: 10/10
  6596 | D:7      | Found a sand-covered staircase.
  6611 | Ossuary  | Entered an ossuary
  6671 | Ossuary  | Reached ** piety under the Shining One
  6762 | Ossuary  | Reached *** piety under the Shining One
  6893 | D:7      | Reached skill level 15 in Polearms
  6918 | D:7      | Engulfed by a steam dragon's steam

Illustrated notes

Levels and vault maps discovered:
D:1:      pf_arrival_petrified_forest, layout_loops_ring,
          ebering_ecumenical_altar_petrified, nrook_mini_vaults,
          hangedman_abyss_or_decor_stabs, palyth_stone_intersect,
          hangedman_glass_teeth
D:2:      layout_loops_ring, minmay_unequal
D:3:      minmay_evil_eye, layout_loops_ring, portal_sewer_entry_d
D:4:      layout_basic
D:5:      minmay_inner_zag, layout_basic, mainiacjoe_overflow_swirl,
          minmay_temple_entry_purple_smoke, serial_shops,
          nicolae_shop_back_alley_shop, uniq_eustachio
D:6:      layout_loops_cross, pdpol_temple_overflow_zin_treasury_gozag_greed,
          minmay_chambers_of_fives, uniq_pikel, uniq_grinder, uniq_duvessa
D:7:      layout_gridville, mainiacjoe_overflow_large_starburst,
          enter_ossuary_4, nicolae_grassy_gnolls
Temple:   compressed_dpeg_triangle_lava_temple

Skill      XL: |  1  2  3  4  5  6  7  8  9 10 |
---------------+-------------------------------+-----
Polearms       | 5 6 7 8 10 11 13 14 15 | 15.0
Shields        | 5 |  5.0
Fighting       | 8 |  8.1
Throwing       | |  2.0
Dodging        | |  4.0

Action                     |  1- 3 |  4- 6 |  7- 9 | 10-12 || total
---------------------------+-------+-------+-------+-------++-------
  Melee: Trident           |   103 |    95 |   530 |   133 ||   861
         Tailslap          |       |    10 |     9 |       ||    19
         Punch             |       |       |     5 |       ||     5
    Use: Scroll            |     7 |     1 |    10 |     2 ||    20
   Stab: Sleeping          |     2 |       |     5 |       ||     7
 Armour: Leather armour    |    19 |    16 |    73 |    10 ||   118
  Dodge: Dodged            |    63 |    54 |   209 |    25 ||   351
  Block: Buckler           |       |       |    27 |    11 ||    38
